Map: Bone Temple LE

Players

Ivadios

  • Race: Zerg Zerg
  • League: Bronze
  • Spawn Location: 7:00

Arthas

  • Race: Zerg Zerg
  • Spawn Location: 7:00

Duffman

  • Race: Terran Terran
  • Spawn Location: 6:00

Outlander

  • Race: Protoss Protoss
  • Spawn Location: 12:00

leon

  • Race: Terran Terran
  • League: Master
  • Spawn Location: 3:00

Invader

  • Race: Zerg Zerg
  • League: Gold
  • Spawn Location: 1:00

VOD

Have the link to the VOD?

Description

Time

  • Played on: June 5, 2020, 12:37 p.m.
  • Length: 8:50
Show
View Real Time Build Order
Export as new Build Order

Ivadios Zerg 

Build Orders: Pool First 

Get SALT Encoding   

  12  0:27  Spawning Pool  
  11  0:32  Extractor  
  11  0:34  Overlord  
  10  1:06  Drone x3  
  13  1:27  Queen  
  15  1:33  Metabolic Boost  
  15  1:41  Drone x2  
  15  1:42  Drone  
  18  1:56  Overlord  
  18  2:12  Zergling x2  
  19  2:47  Hatchery  
  18  3:14  Zergling x6  
  18  3:15  Zergling x4  
  23  3:28  Drone  
  24  3:53  Queen  
  26  3:59  Drone x2  
  26  4:00  Drone x2  
  24  5:05  Lair  
  24  5:09  Zergling x10  
  24  5:10  Zergling x6  
  18  6:17  Zergling x4  
  18  6:18  Zergling x12  
  22  6:19  Zergling x10  
  4  7:15  Drone  
  4  7:16  Drone x2  
  4  7:21  Drone  
  4  7:22  Drone x2  
  10  7:43  Zergling x2  
  10  7:44  Zergling x4  
Show
View Real Time Build Order
Export as new Build Order

Arthas Zerg 

Build Orders: Hatch First 

Get SALT Encoding   

  12  0:01  Drone  
  13  0:12  Overlord  
  13  0:18  Drone  
  14  0:30  Drone  
  14  0:31  Drone  
  14  0:34  Drone  
  17  0:56  Hatchery  
  16  0:57  Drone  
  16  1:01  Extractor  
  17  1:04  Drone  
  17  1:18  Spawning Pool  
  17  1:20  Drone  
  17  1:24  Drone  
  18  1:36  Drone  
  19  1:49  Overlord  
  19  2:05  Queen, Metabolic Boost  
  21  2:11  Drone x2  
  21  2:12  Drone x2  
  25  2:16  Queen  
  27  2:23  Zergling x2  
  27  2:25  Zergling x2  
  29  2:39  Drone x2  
  31  2:51  Queen  
  33  3:04  Drone x3  
  36  3:06  Overlord x3  
  36  3:45  Drone  
  36  3:46  Drone x7  
  44  3:55  Drone x2, Hatchery  
  45  3:58  Extractor, Drone  
  45  4:03  Evolution Chamber  
  45  4:04  Evolution Chamber  
  45  4:07  Drone x6  
  45  4:08  Roach Warren  
  48  4:42  Lair  
  48  4:44  Drone  
  48  4:45  Extractor, Drone x3  
  50  4:46  Drone x2  
  53  5:00  Extractor  
  53  5:06  Hatchery  
  51  5:10  Zergling x2  
  51  5:11  Zergling x20  
  62  5:16  Zerg Missile Weapons Level 1, Zerg Ground Armor Level 1  
  62  5:36  Drone x4  
  62  5:37  Overlord  
  62  5:38  Overlord x4  
  62  5:39  Pneumatized Carapace, Overlord  
  62  5:40  Glial Reconstitution  
  66  5:49  Spore Crawler  
  65  5:50  Spore Crawler  
  65  5:55  Roach x2  
  65  5:56  Roach x4  
  73  6:03  Roach x3  
  78  6:18  Roach x6  
  82  6:49  Drone  
  82  6:50  Drone x11  
  82  6:52  Spore Crawler  
  93  7:06  Queen, Drone x6  
  101  7:22  Nydus Network, Tunneling Claws  
  100  7:28  Infestation Pit  
  99  7:31  Zergling x14  
  106  7:38  Ravager  
  107  7:49  Roach  
  107  7:50  Roach x5  
  112  8:06  Overseer  
  108  8:13  Nydus Canal  
  108  8:21  Roach  
  108  8:22  Roach x4  
  116  8:33  Overseer  
  110  8:43  Nydus Canal  
Show
View Real Time Build Order
Export as new Build Order

Duffman Terran 

Build Orders:  

Get SALT Encoding   

  12  0:01  SCV  
  13  0:13  SCV  
  14  0:19  Supply Depot  
  14  0:25  SCV  
  15  0:29  Refinery  
  15  0:43  Barracks  
  15  0:46  SCV  
  16  0:58  SCV  
  17  1:10  SCV  
  18  1:14  Supply Depot  
  18  1:22  SCV  
  19  1:34  Reaper  
  19  1:36  Orbital Command  
  20  1:58  Factory  
  20  2:03  SCV, Barracks  
  20  2:06  Refinery  
  21  2:15  SCV  
  21  2:29  SCV, Barracks Tech Lab  
  22  2:42  SCV  
  23  2:45  Factory Tech Lab  
  23  2:47  Stimpack  
  23  2:48  Marine  
  23  2:51  Barracks Reactor  
  24  2:54  SCV  
  25  3:02  Command Center  
  25  3:06  SCV  
  26  3:19  SCV  
  27  3:24  Siege Tank  
  30  3:31  SCV  
  31  4:07  SCV, Supply Depot x2  
  31  4:13  Marine x3  
  31  4:14  Siege Tank  
  31  4:16  Orbital Command  
  37  4:19  SCV  
  38  4:27  Starport  
  38  4:31  SCV, Marine x2  
  41  5:07  Orbital Command  
  41  5:10  Starport Reactor  
  41  5:11  Marine x2  
  41  5:12  Marauder  
  41  5:13  Siege Tank  
  48  5:20  Engineering Bay x2  
  48  5:29  Marine x2  
  48  5:33  Marauder  
  52  5:36  SCV x2  
  54  5:47  Marine x2  
  54  5:48  Combat Shield  
  37  7:07  Concussive Shells  
  37  7:14  Orbital Command  
  37  7:25  Marine x2  
  37  7:26  Marauder  
  37  7:29  Medivac x2  
  45  7:42  SCV x2  
  47  7:54  SCV x2  
  49  8:06  SCV  
Show
View Real Time Build Order
Export as new Build Order

Outlander Protoss 

Build Orders:  

Get SALT Encoding   

  12  0:01  Probe  
  13  0:13  Probe  
  14  0:23  Pylon  
  14  0:25  Probe  
  15  0:41  Probe, Gateway  
  16  0:53  Probe  
  17  0:59  Gateway  
  17  1:05  Probe  
  18  1:13  Assimilator  
  18  1:18  Probe  
  19  1:29  Cybernetics Core  
  19  1:31  Probe  
  20  1:39  Assimilator  
  20  1:43  Probe  
  21  1:48  Pylon  
  21  1:55  Probe  
  22  2:09  Twilight Council  
  22  2:15  Warp Gate (Chrono Boost)  
  22  2:40  Resonating Glaives (Chrono Boost)  
  22  2:53  Nexus  
  22  2:57  Assimilator  
  22  3:00  Assimilator  
  22  3:04  Pylon  
  22  3:18  Adept x2  
  26  3:20  Probe  
  27  3:32  Probe  
  28  3:35  Robotics Facility  
  28  3:41  Pylon  
  28  3:44  Probe  
  29  3:49  Gateway  
  29  3:57  Probe  
  30  4:09  Probe  
  31  4:13  Adept x2  
  34  4:21  Probe  
  34  4:22  Probe  
  36  4:33  Probe  
  36  4:34  Warp Prism  
  36  4:37  Probe  
  40  4:41  Dark Shrine  
  40  4:53  Probe, Gateway  
  40  4:54  Probe  
  42  5:05  Probe  
  42  5:06  Probe  
  44  5:08  Gateway  
  44  5:13  Gateway  
  44  5:19  Probe  
  44  5:20  Charge (Chrono Boost), Probe  
  46  5:31  Probe  
  46  5:32  Probe  
  48  5:44  Probe x2  
  50  5:54  Dark Templar x2  
  50  5:55  Adept x2  
  50  5:56  Probe  
  27  7:31  Probe x2  
  27  7:36  Dark Templar x2  
  33  7:37  Dark Templar x2  
  33  7:43  Adept x2, Probe x2  
  39  8:04  Adept  
  39  8:05  Adept  
  41  8:18  Dark Templar x3, Stalker  
  50  8:20  Probe x2  
  51  8:30  Dark Templar x2  
  51  8:32  Probe  
Show
View Real Time Build Order
Export as new Build Order

leon Terran 

Build Orders: Reaper Expand 

Get SALT Encoding   

  12  0:01  SCV  
  13  0:13  SCV  
  14  0:24  Supply Depot  
  14  0:25  SCV  
  15  0:46  SCV, Barracks  
  16  0:55  Refinery  
  16  0:59  SCV  
  17  1:11  SCV  
  18  1:24  SCV  
  19  1:37  Orbital Command, Reaper  
  20  1:44  Command Center  
  20  2:03  Supply Depot  
  20  2:04  SCV  
  21  2:13  Barracks, Barracks Reactor  
  21  2:16  SCV  
  22  2:28  SCV  
  23  2:42  SCV  
  24  2:49  Marine x2  
  26  2:52  Factory  
  26  2:54  SCV  
  26  2:55  Refinery  
  27  3:01  Barracks Tech Lab  
  27  3:03  Orbital Command  
  27  3:06  SCV  
  27  3:07  Marine x2  
  30  3:18  SCV  
  30  3:19  Marine, Stimpack  
  30  3:26  Marine  
  30  3:27  Marine  
  32  3:29  SCV  
  32  3:30  SCV  
  35  3:37  Marine  
  35  3:41  SCV, Starport  
  36  3:44  SCV, Marine x2  
  40  3:49  Factory Reactor  
  40  3:52  Supply Depot  
  40  3:53  SCV  
  40  3:55  Marine  
  41  3:56  SCV  
  42  4:10  Marine x2  
  42  4:11  SCV  
  42  4:14  Marine  
  42  4:16  SCV  
  47  4:25  Supply Depot  
  47  4:32  Marine x2  
  47  4:33  Marine  
  47  4:35  Medivac x2  
  47  4:36  Factory Tech Lab  
  54  4:39  Engineering Bay  
  54  4:41  Supply Depot  
  54  4:44  Engineering Bay  
  54  4:46  SCV x2  
  54  4:52  Marine x3  
  59  4:56  Siege Tank  
  59  4:58  Supply Depot  
  62  5:03  SCV  
  62  5:04  Refinery  
  63  5:09  Marine  
  64  5:14  Combat Shield  
  64  5:17  Marine x2  
  64  5:18  SCV  
  64  5:19  SCV  
  68  5:30  SCV  
  68  5:32  Barracks, Command Center  
  69  5:37  Marine x3  
  69  5:39  Siege Tank  
  69  5:42  SCV  
  76  5:44  SCV  
  76  5:45  Refinery  
  70  6:06  Marine  
  70  6:07  Marine x2, Medivac x2  
  75  6:14  Barracks  
  75  6:23  Siege Tank  
  78  6:26  Barracks Reactor  
  78  6:33  Supply Depot x2  
  78  6:35  SCV  
  78  6:36  Marine  
  77  6:41  Marine  
  77  6:43  Marine  
  77  6:44  Medivac x2  
  77  6:45  SCV  
  77  6:46  Supply Depot  
  80  6:47  SCV  
  80  6:52  Orbital Command  
  81  6:56  Supply Depot  
  81  6:57  Supply Depot  
  81  7:08  Marine, Barracks Reactor  
  81  7:09  Marine x3, Orbital Command  
  85  7:20  Marine  
  85  7:21  Siege Tank  
  89  7:28  Marine x4  
  93  7:32  Medivac x2  
  93  7:33  SCV  
  93  7:36  Supply Depot  
  98  7:38  Marine  
  99  7:44  Marine x2  
  99  7:45  Marine  
  99  7:46  Marine  
  99  7:47  SCV x3  
  106  7:59  SCV  
  106  8:00  Marine x2  
  106  8:01  Siege Tank  
  106  8:05  Marine x5, Supply Depot  
  113  8:10  SCV x2  
  119  8:15  Medivac  
  119  8:16  SCV, Medivac  
  119  8:18  Marine x2  
  126  8:23  Marine  
Show
View Real Time Build Order
Export as new Build Order

Invader Zerg 

Build Orders: Hatch First 

Get SALT Encoding   

  12  0:14  Drone  
  13  0:29  Drone  
  14  0:37  Overlord  
  14  1:12  Hatchery  
  14  1:13  Spawning Pool  
  14  1:15  Extractor  
  11  1:28  Drone x2  
  11  1:29  Drone  
  14  1:39  Drone  
  15  1:50  Drone  
  16  2:07  Hatchery  
  15  2:12  Drone  
  15  2:13  Queen, Drone  
  19  2:22  Drone  
  20  2:31  Metabolic Boost  
  20  2:34  Drone x2  
  22  2:40  Drone  
  23  2:48  Queen  
  25  2:57  Drone x2  
  25  2:58  Extractor  
  26  3:19  Drone x4  
  30  3:20  Drone x2  
  32  3:37  Drone x2  
  34  3:49  Extractor  
  34  3:50  Extractor, Drone  
  34  3:51  Drone  
  34  4:08  Overlord x2  
  34  4:11  Overlord x2  
  34  4:26  Queen  
  34  4:28  Drone x12  
  48  4:34  Drone  
  48  4:36  Evolution Chamber x2  
  48  4:38  Drone  
  48  4:40  Drone  
  49  4:53  Drone x5  
  49  4:54  Drone  
  55  5:00  Drone x4  
  55  5:04  Zerg Missile Weapons Level 1  
  59  5:10  Zerg Ground Armor Level 1  
  59  5:21  Drone  
  59  5:22  Drone x5  
  59  5:26  Lair  
  65  5:28  Drone  
  65  5:30  Overlord  
  66  5:46  Extractor  
  66  5:47  Drone  
  66  5:48  Extractor, Overlord x3  
  65  5:57  Hatchery  
  64  5:59  Drone x5  
  69  6:05  Drone  
  69  6:06  Drone x4  
  69  6:07  Drone  
  75  6:24  Infestation Pit  
  74  6:39  Drone  
  75  6:41  Drone  
  76  6:53  Drone, Hydralisk Den  
  76  6:54  Drone x12  
  88  7:06  Hive  
  88  7:17  Drone  
  88  7:18  Queen, Drone x8  
  99  7:41  Extractor  
  98  7:45  Extractor  
  97  8:02  Hatchery  
  97  8:03  Hydralisk x4  
  97  8:05  Overlord x5  
  104  8:06  Overlord x2  
  104  8:08  Overlord  
  140  8:35  Lurker Den  
Tags
 
Add a new tag
Caveats
  • Supply blocks, unpowered buildings, or Contaminate may cause inaccurate times.
  • Supply counts are checked every 10 seconds.